 Seeded DCSS version 0.30.1-9-gdf580d7c3d (webtiles) character file.

Game seed: 6351066067085065685 (custom seed)

58 Esekla the Magician (level 3, -4/18 (19) HPs)
             Began as a Deep Elf Wanderer on Sept 24, 2023.
             Was a Follower of Vehumet.
             Killed by miscasting Vampiric Draining (8 damage)
             ... on level 2 of the Dungeon.
             The game lasted 00:13:41 (1998 turns).

Esekla the Magician (Deep Elf Wanderer)             Turns: 1998, Time: 00:13:41

HP:   -4/18 (19)    AC:  4    Str: 11    XL:     3   Next: 76%
MP:   6/12          EV: 11    Int: 19    God:    Vehumet [*.....]
Gold: 176           SH:  3    Dex: 11    Spells: 3/13 levels left

rFire   . . .        a - +1 short sword (freeze)
rCold   . . .        d - +0 buckler
rNeg    . . .        c - +0 robe
rPois   .            k - +0 helmet
rElec   .            (no cloak)
rCorr   .            j - +0 pair of gloves
SInv    .            (no boots)
Will    .....        (no amulet)
Stlth   ++           (no ring)
HPRegen 0.23/turn    (no ring)
MPRegen 0.13/turn

%: no passive effects
@: very slightly contaminated, drained
A: no striking features
a: Renounce Religion


You were on level 2 of the Dungeon.
You worshipped Vehumet.
Vehumet was aware of your devotion.
You visited 1 branch of the dungeon, and saw 4 of its levels.

You collected 176 gold pieces.

Inventory:

Hand Weapons
 a - a +1 short sword of freezing (weapon)
 s - the +5 rapier of the Hero {heavy, rN+ Dex+3}
   (You found it on level 3 of the Dungeon)

   Dex:       It affects your dexterity (+3).
   rN:        It protects you from negative energy.
Armour
 c - a +0 robe (worn)
 d - a +0 buckler (worn)
 j - a +0 pair of gloves (worn)
 k - a +0 helmet (worn)
Scrolls
 g - 3 scrolls of identify {unknown}
 m - a scroll of amnesia {unknown}
 n - a scroll of enchant armour {unknown}
 p - a scroll of immolation {unknown}
 r - a scroll of fog {unknown}
Potions
 b - a potion of lignification
 e - a potion of ambrosia {unknown}
 f - 2 potions of curing {unknown}
 h - a potion of heal wounds {unknown}
 i - 2 potions of attraction {unknown}
 l - a potion of mutation {unknown}
 o - a potion of haste {unknown}
 q - 2 potions of brilliance {unknown}


   Skills:
 * Level 0.5 Dodging
 + Level 1.3 Stealth
 + Level 1.5 Shields
 * Level 5.6 Spellcasting
 + Level 0.2 Conjurations
 * Level 1.7 Necromancy
 + Level 2.7 Translocations
 + Level 1.0 Invocations


You had 3 spell levels left.
You knew the following spells:

 Your Spells              Type           Power      Damage    Failure   Level
a - Magic Dart            Conj           24%        1d4       16%         1
b - Blink                 Tloc           30%        N/A       9%          2
d - Vampiric Draining     Necr           12%        2d6       24%         3
p - Apportation           Tloc           30%        N/A       5%          1
t - Teleport Other        Tloc           15%        N/A       17%         3

Your spell library contained the following spells:

 Spells                   Type           Power      Damage    Failure   Level
 Kiss of Death            Conj/Necr      36%        2d8       12%         1
 Lesser Beckoning         Tloc           30%        N/A       9%          2
 Gell's Gravitas          Tloc           15%        N/A       17%         3
 Ignite Poison            Fire/Tmut/Pois 5%         N/A       45%         3


Dungeon Overview and Level Annotations

Branches:
Dungeon (4/15)
 Temple: D:4-7

Altars:
Okawaru
Vehumet
Zin

Shops:
D:2 =


Message History

Vehumet accepts your kill.
You see here a +0 short sword.
Your magical contamination has completely faded away.
Done exploring.
(D) Dungeon
Where to? (? - help)
You see here a +0 club.
There is a stone staircase leading down here.
You climb downwards.
There is a stone staircase leading up here.
There is a stone staircase leading up here.
You climb upwards.
There is a stone staircase leading down here.
Things that are here:
3 stones; a +0 short sword
There is an escape hatch in the floor here.
You slide downwards.
The hatch slams shut behind you.
Found 6 poisoned darts.
The helpless iguana fails to defend itself.
You hit the iguana but do no damage. The iguana bites you!
Ouch! That really hurt!
Casting: Magic Dart (safe; 16% risk of failure)
Confirm with . or Enter, or press ? or * to list all spells.
The spell is astonishingly dangerous to miscast (24% risk of failure)!
Continue anyway?
Aiming: Vampiric Draining (astonishingly dangerous; 24% risk of failure)
Press: ? - help, Shift-Dir - straight line, f - iguana
Aim: an iguana You draw life force from the iguana.
You feel life coursing into your body. The iguana bites you.
* * * LOW HITPOINT WARNING * * *
Casting: Vampiric Draining (astonishingly dangerous; 24% risk of failure)
Confirm with . or Enter, or press ? or * to list all spells.
The spell is astonishingly dangerous to miscast (24% risk of failure)!
Continue anyway?
Aiming: Vampiric Draining (astonishingly dangerous; 24% risk of failure)
Press: ? - help, Shift-Dir - straight line, f/p - iguana
Aim: an iguana (heavily wounded)
You miscast Vampiric Draining.
You are very lightly contaminated with residual magic.
You hear strange and distant voices!
You feel drained.
You die...

# #..#####.###
## #<...gg....#
.. #........).#
#### #.
#.######.#.#
#...
..#............
h.##
.########.#.###
...# #.#.#
#8.#####.# #
+@l......#
#8.#.#### .....
.....## (..####
.... #####


You could see an iguana.

Vanquished Creatures
  An adder (D:2)
  2 dart slugs
  3 orcs (D:3)
  5 ball pythons
  4 endoplasms
  7 goblins
  3 hobgoblins
  A quokka (D:1)
  3 bats
  4 frilled lizards
  5 kobolds
  A rat (D:2)
39 creatures vanquished.

Notes
Turn   | Place    | Note
-------+----------+-------------------------------------------
     0 | D:1      | Esekla the Deep Elf Wanderer began the quest for the Orb.
     0 | D:1      | Esekla set off with the following items: a +0 club, a
                  | potion of lignification, a +0 robe, a +0 buckler; and the
                  | following spells available to memorise: Apportation, Blink,
                  | Lesser Beckoning, Magic Dart, Ignite Poison, Vampiric
                  | Draining.
     0 | D:1      | Reached XP level 1. HP: 10/10 MP: 7/7
     2 | D:1      | Learned a level 1 spell: Magic Dart
     4 | D:1      | Learned a level 1 spell: Apportation
   406 | D:4      | Found a radiant altar of Vehumet.
   418 | D:4      | Found an iron altar of Okawaru.
   429 | D:4      | Found a glowing silver altar of Zin.
   512 | D:4      | Became a worshipper of Vehumet
   696 | D:3      | Reached skill level 1 in Necromancy
   731 | D:3      | Reached XP level 2. HP: 15/15 MP: 4/9
   734 | D:3      | Learned a level 2 spell: Blink
   939 | D:2      | Noticed a black bear
  1017 | D:2      | Found Renulab's Jewellery Shop.
  1215 | D:3      | Reached skill level 5 in Spellcasting
  1348 | D:3      | Identified the +5 rapier of the Hero {heavy, rN+ Dex+3}
                  | (You found it on level 3 of the Dungeon)
  1377 | D:2      | Reached XP level 3. HP: 17/19 MP: 9/11
  1382 | D:2      | Learned a level 3 spell: Vampiric Draining
  1534 | D:1      | Reached * piety under Vehumet
  1534 | D:1      | Offered knowledge of Kiss of Death by Vehumet.
  1557 | D:1      | Learned a level 3 spell: Teleport Other
  1998 | D:2      | Killed by miscasting Vampiric Draining

Illustrated notes

Levels and vault maps discovered:
D:1:      sevenhm_arrival_forest_fort_small_3, layout_rooms,
          chequers_serial_rivers_room_b, minmay_misc_feat_five
D:2:      layout_loops_ring, dreamdust_ecumenical_altar_angels_and_demons,
          serial_shops, shop
D:3:      layout_basic, grunt_temple_overflow_open, minmay_misc_feat_iff
D:4:      layout_basic, nicolae_overflow_quartered_altars, serial_shops,
          nicolae_diamond_shop

Skill      XL: |  1  2 |
---------------+-------+-----
Necromancy     | 1 |  1.7
Spellcasting   | 5 |  5.6
Dodging        | |  0.5
Stealth        | |  1.3
Shields        | |  1.5
Conjurations   | |  0.2
Translocations | |  2.7
Invocations    | |  1.0

Action                     || total
---------------------------++-------
  Melee: Short sword       ||    48
   Cast: Apportation       ||    40
         Magic Dart        ||    66
         Vampiric Draining ||     1
    Use: Scroll            ||     1
   Stab: Sleeping          ||     1
 Armour: Robe              ||    38
  Dodge: Dodged            ||    94
  Block: Buckler           ||    16
